 Dungeon Crawl Stone Soup version 0.21.0-34-g9234887 (webtiles) character file.

571 tidbits the Charmwright (level 7, -2/56 HPs)
             Began as a Gnoll Skald on Jan 29, 2018.
             Was an Initiate of Cheibriados.
             Slain by an orc warrior
             ... wielding a +0 battleaxe
              (10 damage)
             ... on level 8 of the Dungeon.
             The game lasted 00:08:56 (1149 turns).

tidbits the Charmwright (Gnoll Skald)               Turns: 1149, Time: 00:08:57

Health: -2/56      AC:  8    Str: 14    XL:     7   Next: 34%
Magic:  15/15      EV: 14    Int: 18    God:    Cheibriados [......]
Gold:   107        SH:  0    Dex: 16    Spells: 6/17 levels left

rFire    . . .     SeeInvis .   e - +0 dagger
rCold    + . .     Gourm    .   (no shield)
rNeg     . . .     Faith    .   B - +1 ring mail
rPois    .         Spirit   .   E - +2 hat
rElec    .         Reflect  .   (no cloak)
rCorr    .         Harm     .   (no gloves)
MR       .....                  (no boots)
Stlth    ..........             (no amulet)
HPRegen  0.18/turn              q - ring of protection from cold
MPRegen  0.14/turn              (no ring)

@: confused, very slightly contaminated, very slow
A: distributed training, fangs 1, strong nose
a: Bend Time, Renounce Religion


You were on level 8 of the Dungeon.
You worshipped Cheibriados.
Cheibriados was noncommittal.
You were not hungry.

You visited 2 branches of the dungeon, and saw 9 of its levels.

You collected 107 gold pieces.

Inventory:

Hand Weapons
 a - a +0 hand axe
 e - a +0 dagger (weapon)
 u - a +3 dagger of holy wrath
   (You found it on level 5 of the Dungeon)
 w - a +0 quarterstaff
 y - a +0 flail
Missiles
 s - 4 javelins (quivered)
Armour
 b - a +0 leather armour
 B - a +1 ring mail (worn)
 E - a +2 hat (worn)
Magical Staves
 v - an uncursed staff of poison {unknown}
   (You found it on level 7 of the Dungeon)
Jewellery
 q - a ring of protection from cold (left hand)
   (You found it on level 2 of the Dungeon)
Wands
 z - a wand of acid (8)
Scrolls
 f - a scroll of holy word {unknown}
 g - 3 scrolls of noise {!r}
 h - a scroll of fear {unknown}
 j - a scroll of identify {unknown}
 k - a scroll of immolation {unknown}
 n - a scroll of teleportation {unknown}
 r - a scroll of enchant armour
 t - a scroll of magic mapping {unknown}
 x - a scroll of enchant weapon {unknown}
Potions
 i - a potion of might {unknown}
 l - a potion of agility {unknown}
 o - a potion of berserk rage {unknown}
 p - a potion of curing {unknown}
Books
 c - a book of Battle

   Spells                             Type                      Level
   a - Infusion                       Charms                       1
   b - Shroud of Golubria             Charms/Translocation         2
   c - Song of Slaying                Charms                       2
   d - Spectral Weapon                Hexes/Charms                 3
   e - Regeneration                   Charms/Necromancy            3
Comestibles
 d - 3 rations


   Skills:
 + Level 5.2 Fighting
 + Level 2.3 Short Blades
 + Level 2.3 Long Blades
 + Level 5.2 Axes
 + Level 2.3 Maces & Flails
 + Level 2.3 Polearms
 + Level 2.3 Staves
 + Level 2.3 Slings
 + Level 2.3 Bows
 + Level 2.3 Crossbows
 + Level 2.3 Throwing
 + Level 3.5 Armour
 + Level 5.2 Dodging
 + Level 2.3 Stealth
 + Level 2.3 Shields
 + Level 2.3 Unarmed Combat
 + Level 5.5 Spellcasting
 + Level 1.9 Conjurations
 + Level 1.9 Hexes
 + Level 5.8 Charms
 + Level 1.9 Summonings
 + Level 1.9 Necromancy
 + Level 1.9 Translocations
 + Level 1.9 Transmutations
 + Level 1.9 Fire Magic
 + Level 1.9 Ice Magic
 + Level 1.9 Air Magic
 + Level 1.9 Earth Magic
 + Level 1.9 Poison Magic
 + Level 2.6 Invocations
 + Level 2.3 Evocations


You had 6 spell levels left.
You knew the following spells:

 Your Spells              Type           Power        Failure   Level  Hunger
g - Shroud of Golubria    Chrm/Tloc      ###.......   8%          2    None
i - Infusion              Chrm           ####         2%          1    None
r - Regeneration          Chrm/Necr      ###.......   16%         3    ##.....
w - Spectral Weapon       Hex/Chrm       ###.....     16%         3    ##.....
y - Song of Slaying       Chrm           ####....     3%          2    None


Dungeon Overview and Level Annotations

Branches:
Dungeon (8/15)             Temple (1/1) D:7
   Lair: D:8-11

Altars:
Ashenzari
Cheibriados
Dithmenos
Elyvilon
Fedhas
Hepliaklqana
Kikubaaqudgha
Makhleb
Nemelex Xobeh
Ru
Uskayaw
Zin
The Shining One

Shops:
D:5 %


Innate Abilities, Weirdness & Mutations

Your experience applies equally to all skills.
You have very sharp teeth.
Your uncanny sense of smell can sniff out nearby items.


Message History

Your spectral weapon hits the bullfrog.
The orc hits you but does no damage. The bullfrog barely misses you.
The leopard gecko hisses menacingly.
You hit the bullfrog.
The bullfrog is heavily wounded.
Your spectral weapon hits the bullfrog.
The bullfrog hits you but does no damage.
The orc misses you.
The orc wizard casts a spell.
The orc wizard seems to speed up.
You hit the bullfrog.
The bullfrog is severely wounded.
Your spectral weapon hits the bullfrog but does no damage.
The bullfrog closely misses you. The orc warrior closely misses you.
The orc closely misses you. The bullfrog closely misses you.
You closely miss the bullfrog.
The bullfrog is severely wounded.
Your spectral weapon hits the bullfrog but does no damage.
The bullfrog barely misses you. The orc closely misses you.
You barely miss the bullfrog.
The bullfrog is severely wounded.
Your spectral weapon hits the bullfrog.
The bullfrog misses your spectral weapon.
An orc wizard comes into view. It is wielding a rapier.
You hit the bullfrog but do no damage.
The bullfrog is almost dead.
Your spectral weapon hits the bullfrog but does no damage.
The bullfrog hits you but does no damage.
The bullfrog snags a nearby centipede with its tongue.
The bullfrog barely misses you.
You hit the bullfrog.
The bullfrog is almost dead.
Your spectral weapon hits the bullfrog.
You kill the bullfrog!
Cheibriados appreciates the change of pace.
The orc warrior closely misses you.
The orc wizard hits you but does no damage.
You hit the orc but do no damage. You bite the orc.
The orc is lightly wounded.
Your spectral weapon hits the orc.
The orc wizard hits you but does no damage.
Unknown command.
You barely miss the orc.
The orc is severely wounded.
Your spectral weapon closely misses the orc.
The orc wizard barely misses you. The orc barely misses you.
Your shroud bends the orc wizard's attack away.
The leopard gecko bites you but does no damage.
Unknown command.
You hit the orc.
You kill the orc!
Cheibriados appreciates the change of pace.
The orc warrior hits you with a battleaxe!!
Your shroud falls apart!
The orc wizard gestures at you while chanting.
The puff of frost hits you! You resist.
The orc wizard mumbles some strange words.
The orc wizard seems to speed up.
The leopard gecko bites you.
Unknown command.
The orc wizard closely misses you. The leopard gecko closely misses you.
The orc wizard barely misses you.
Things that are here:
a dagger; an orc corpse
Casting: Shroud of Golubria
Confirm with . or Enter, or press ? or * to list all spells.
You miscast Shroud of Golubria.
You are very lightly contaminated with residual magic.
Your hands glow momentarily.
The orc wizard hits you but does no damage.
The leopard gecko barely misses you.
The orc warrior hits you with a battleaxe!
* * * LOW HITPOINT WARNING * * *
The orc warrior barely misses your spectral weapon.
The orc wizard hits you but does no damage.
The orc wizard misses you.
Evoke which item? (* to show all) (? for menu, Esc to quit)
Aiming: Corrosive Bolt
Press: ? - help, Shift-Dir - straight line, f - orc warrior
Aim: an orc warrior, wielding a battleaxe and wearing a plate armour The bolt of acid misses the orc warrior.
The leopard gecko bites you but does no damage.
The orc wizard hits you with a rapier.
* * * LOW HITPOINT WARNING * * *
The orc wizard hits you but does no damage.
The orc warrior hits you with a battleaxe.
* * * LOW HITPOINT WARNING * * *
The orc warrior hits your spectral weapon with a battleaxe!
Your spectral weapon shares its damage with you!
Your spectral weapon fades away.
* * * LOW HITPOINT WARNING * * *
The leopard gecko bites you but does no damage.
Okay, then.
Unknown command.
You are confused.
You feel invigorated. The orc wizard closely misses you.
The orc wizard gestures at you while chanting.
The puff of frost misses you. The leopard gecko misses you.
The orc wizard looks braver for a moment.
The orc warrior hits you with a battleaxe!
You die...

#.### ....#
#.#.# #.#.#
#.#!# #.#.#
#.#.#######
######.#ol......
#<......@o......
#.####.##o..####
#.# #..........
#.# #..########
..# #..# ###
#..# #..# #..#


You could see an orc warrior, 2 orc wizards and a leopard gecko.

Vanquished Creatures
  An ice beast (D:6)
  A sky beast (D:5)
  An ogre (D:6)
  A bullfrog (D:8)
  2 scorpions (D:5)
  A howler monkey (D:4)
  A crimson imp (D:5)
  A worker ant (D:5)
  2 adders
  2 leopard geckos (D:1)
  2 orcs
  A ball python (D:1)
  2 giant cockroaches
  4 goblins
  2 hobgoblins (D:2)
  2 kobolds (D:1)
  2 quokkas
  5 bats
  3 rats
36 creatures vanquished.

Vanquished Creatures (others)
  A spectral weapon (D:8)
1 creature vanquished.

Grand Total: 37 creatures vanquished

Notes
Turn   | Place    | Note
-------+----------+-------------------------------------------
     0 | D:1      | tidbits the Gnoll Skald began the quest for the Orb.
     0 | D:1      | Reached XP level 1. HP: 20/20 MP: 6/6
   102 | D:1      | Reached XP level 2. HP: 26/26 MP: 2/7
   106 | D:1      | Learned a level 2 spell: Song of Slaying
   109 | D:1      | Learned a level 2 spell: Shroud of Golubria
   213 | D:2      | Reached skill level 5 in Spellcasting
   213 | D:2      | Reached XP level 3. HP: 25/31 MP: 0/9
   226 | D:2      | Learned a level 3 spell: Regeneration
   230 | D:2      | Learned a level 3 spell: Spectral Weapon
   500 | D:4      | Reached skill level 1 in Invocations
   505 | D:4      | Reached skill level 1 in Short Blades
   505 | D:4      | Reached skill level 1 in Long Blades
   505 | D:4      | Reached skill level 1 in Maces & Flails
   505 | D:4      | Reached skill level 1 in Polearms
   505 | D:4      | Reached skill level 1 in Staves
   505 | D:4      | Reached skill level 1 in Slings
   505 | D:4      | Reached skill level 1 in Bows
   505 | D:4      | Reached skill level 1 in Crossbows
   505 | D:4      | Reached skill level 1 in Throwing
   505 | D:4      | Reached skill level 1 in Stealth
   505 | D:4      | Reached skill level 1 in Shields
   505 | D:4      | Reached skill level 1 in Unarmed Combat
   505 | D:4      | Reached skill level 1 in Evocations
   505 | D:4      | Reached XP level 4. HP: 38/38 MP: 7/11
   548 | D:5      | Entered Level 5 of the Dungeon
   548 | D:5      | Noticed a sky beast
   561 | D:5      | Killed a sky beast
   561 | D:5      | Reached skill level 3 in Armour
   561 | D:5      | Reached skill level 1 in Conjurations
   561 | D:5      | Reached skill level 1 in Hexes
   561 | D:5      | Reached skill level 1 in Summonings
   561 | D:5      | Reached skill level 1 in Necromancy
   561 | D:5      | Reached skill level 1 in Translocations
   561 | D:5      | Reached skill level 1 in Transmutations
   561 | D:5      | Reached skill level 1 in Fire Magic
   561 | D:5      | Reached skill level 1 in Ice Magic
   561 | D:5      | Reached skill level 1 in Air Magic
   561 | D:5      | Reached skill level 1 in Earth Magic
   561 | D:5      | Reached skill level 1 in Poison Magic
   561 | D:5      | Reached XP level 5. HP: 8/43 MP: 9/12
   599 | D:5      | Found Odghutz's Food Emporium.
   611 | D:5      | Reached skill level 2 in Invocations
   611 | D:5      | Reached XP level 6. HP: 24/50 MP: 10/13
   692 | D:5      | Reached skill level 5 in Fighting
   692 | D:5      | Reached skill level 2 in Short Blades
   692 | D:5      | Reached skill level 2 in Long Blades
   692 | D:5      | Reached skill level 5 in Axes
   692 | D:5      | Reached skill level 2 in Maces & Flails
   692 | D:5      | Reached skill level 2 in Polearms
   692 | D:5      | Reached skill level 2 in Staves
   692 | D:5      | Reached skill level 2 in Slings
   692 | D:5      | Reached skill level 2 in Bows
   692 | D:5      | Reached skill level 2 in Crossbows
   692 | D:5      | Reached skill level 2 in Throwing
   692 | D:5      | Reached skill level 5 in Dodging
   692 | D:5      | Reached skill level 2 in Stealth
   692 | D:5      | Reached skill level 2 in Shields
   692 | D:5      | Reached skill level 2 in Unarmed Combat
   692 | D:5      | Reached skill level 2 in Evocations
   753 | D:6      | Noticed an ice beast
   761 | D:6      | Killed an ice beast
   821 | D:7      | Found a staircase to the Ecumenical Temple.
   828 | Temple   | Entered the Ecumenical Temple
   836 | Temple   | Became a worshipper of Cheibriados the Contemplative
   978 | D:6      | Reached XP level 7. HP: 29/56 MP: 15/15
  1148 | D:8      | HP: 3/56 [orc warrior/battleaxe (8)]
  1149 | D:8      | Slain by an orc warrior

Skill      XL: |  1  2  3  4  5  6 |
---------------+-------------------+-----
Spellcasting   | 5 |  5.5
Invocations    | 1 2 |  2.6
Short Blades   | 1 2 |  2.3
Long Blades    | 1 2 |  2.3
Maces & Flails | 1 2 |  2.3
Polearms       | 1 2 |  2.3
Staves         | 1 2 |  2.3
Slings         | 1 2 |  2.3
Bows           | 1 2 |  2.3
Crossbows      | 1 2 |  2.3
Throwing       | 1 2 |  2.3
Stealth        | 1 2 |  2.3
Shields        | 1 2 |  2.3
Unarmed Combat | 1 2 |  2.3
Evocations     | 1 2 |  2.3
Armour         | 3 |  3.5
Conjurations   | 1 |  1.9
Hexes          | 1 |  1.9
Summonings     | 1 |  1.9
Necromancy     | 1 |  1.9
Translocations | 1 |  1.9
Transmutations | 1 |  1.9
Fire Magic     | 1 |  1.9
Ice Magic      | 1 |  1.9
Air Magic      | 1 |  1.9
Earth Magic    | 1 |  1.9
Poison Magic   | 1 |  1.9
Fighting       | 5 |  5.2
Axes           | 5 |  5.2
Dodging        | 5 |  5.2
Charms         | |  5.8

Action                   |  1- 3 |  4- 6 |  7- 9 || total
-------------------------+-------+-------+-------++-------
Melee: Hand axe          |    56 |    34 |       ||    90
       Bite              |     2 |     2 |     2 ||     6
       Dagger            |       |       |    13 ||    13
 Cast: Infusion          |     5 |       |       ||     5
       Spectral Weapon   |     5 |     6 |     1 ||    12
       Regeneration      |       |     2 |     1 ||     3
       Shroud of Golubri |       |     1 |     1 ||     2
Evoke: Wand              |       |     1 |     2 ||     3
  Use: Scroll            |     1 |     1 |     1 ||     3
       Potion            |       |     1 |     1 ||     2
 Stab: Sleeping          |       |     1 |       ||     1
  Eat: Chunk             |       |       |     2 ||     2
Armor: Leather armour    |    15 |     6 |       ||    21
       Ring mail         |       |       |    14 ||    14
Dodge: Dodged            |    48 |    21 |    24 ||    93

Table legend:
 A = Turns spent in this place as a percentage of turns spent in the entire game.
 B = Non-inter-level travel turns spent in this place as a percentage of non-inter-level travel turns spent in the entire game.
 C = Inter-level travel turns spent in this place as a percentage of turns spent in this place.
 D = Turns resting spent in this place as a percentage of non-inter-level travel turns spent in this place.
 E = Turns spent auto-exploring this place as a percentage of non-inter-level travel turns spent in this place.
 F = Non-inter-level travel turns spent in this place divided by the number of levels of this place that you've seen.
                   A       B       C       D       E      F
               +-------+-------+-------+-------+-------+----------------------
         Total | 100.0 | 100.0 |   4.2 |   0.0 |   0.0 | 122.3
       Dungeon |  98.5 |  98.5 |   4.2 |   0.0 |   0.0 | 135.5
        Temple |   1.5 |   1.5 |   0.0 |   0.0 |   0.0 |  17.0
               +-------+-------+-------+-------+-------+----------------------

Table legend:
 A = Kills in this place as a percentage of kills in entire the game.
 B = Kills by you in this place as a percentage of kills by you in the entire game.
 C = Kills by friends in this place as a percentage of kills by friends in the entire game.
 D = Other kills in this place as a percentage of other kills in the entire game.
 E = Experience gained in this place as a percentage of experience gained in the entire game.
 F = Experience gained in this place divided by the number of levels of this place that you have seen.
                   A       B       C       D       E      F
               +-------+-------+-------+-------+-------+----------------------
         Total | 100.0 | 100.0 |   N/A |   N/A | 100.0 |  90.7
       Dungeon | 100.0 | 100.0 |   N/A |   N/A | 100.0 | 102.0
               +-------+-------+-------+-------+-------+----------------------

Vault maps used:
D:1:      minmay_arrival_open_corners, minmay_hexomino_u4
D:2:      uniq_sigmund, uniq_natasha
D:3:      yredelemnul_altar_generic, nicolae_overflow_crystal_walls, bloody_trog
D:4:      marbit_many_paths, first_ration
D:5:      cheibrodos_quashed, serial_shops, shop, corexii_checkpoint_a,
          okawaru_altar_gauntlet_db
D:6:      lemuel_blue_sif_altar, uniq_crazy_yiuf_cottage, uniq_edmund
D:7:      kennysheep_mini_moat, minmay_temple_entry_trees, serial_shops,
          nicolae_shop_window_shopping, grunt_livestock, minivault_5
Temple:   nicolae_temple_x_marks_the_god
